 Dungeon Crawl Stone Soup version 0.28-a0-1568-g77cbbf62ba (webtiles) character file.

Game seed: 8385146027205094508

7 Colgate the Sneak (level 2, 19/19 HPs)
             Began as a Kobold Delver on Jan 19, 2022.
             Was an Initiate of Trog.
             Quit the game on level 4 of the Dungeon on Jan 20, 2022.
             The game lasted 00:05:26 (780 turns).

Colgate the Sneak (Kobold Delver)                    Turns: 780, Time: 00:05:27

Health: 19/19      AC:  5    Str:  9    XL:     2   Next: 5%
Magic:  0/0        EV: 13    Int: 11    God:    Trog [......]
Gold:   38         SH:  0    Dex: 16    Spells: 1/1 levels left

rFire   . . .      SeeInvis .   a - +2 short sword (antimagic)
rCold   . . .      Faith    .   (no shield)
rNeg    . . .      Spirit   .   o - +0 ring mail
rPois   .          Reflect  .   (no helmet)
rElec   .          Harm     .   (no cloak)
rCorr   .          Rampage  .   (no gloves)
Will    .....                   (no boots)
Stlth   ++++......              (no amulet)
HPRegen 0.06/turn               (no ring)
MPRegen 0.07/turn               (no ring)

@: no status effects
A: small, no large weapons, nightstalker 3
a: Renounce Religion


You were on level 4 of the Dungeon.
You worshipped Trog.
Trog was noncommittal.
You visited 1 branch of the dungeon, and saw 2 of its levels.

You collected 38 gold pieces.

Inventory:

Hand Weapons
 a - a +2 antimagic short sword (weapon)
Armour
 b - a +0 leather armour
 i - a +0 scale mail
 o - a +0 ring mail (worn)
Jewellery
 m - a ring of protection from fire
Wands
 g - a wand of digging (3)
Scrolls
 c - a scroll of fog
 d - a scroll of holy word {unknown}
 e - a scroll of fear
 j - 2 scrolls of teleportation {unknown}
 l - a scroll of amnesia {unknown}
Potions
 f - a potion of haste
 h - a potion of magic {unknown}
 k - a potion of degeneration {unknown}
 n - a potion of flight {unknown}


   Skills:
 - Level 3.2 Fighting
 - Level 2.6 Short Blades
 - Level 2.4 Dodging
 + Level 7.1 Stealth


You had one spell level left.
You didn't know any spells.
Your spell library was empty.

Dungeon Overview and Level Annotations

Branches:
Dungeon (5/15)
 Temple: D:4-7

Altars:
Fedhas
Trog
Yredelemnul


Innate Abilities, Weirdness & Mutations

You are small and have problems with some larger weapons.
You are completely attuned to the shadows.


Message History

You continue putting on your +0 ring mail. x5
You finish putting on your +0 ring mail.
You start removing your armour.
You continue taking off your +0 ring mail. x4
You finish taking off your +0 ring mail.
You start putting on your armour.
You continue putting on your +0 leather armour. x5
You finish putting on your +0 leather armour.
You start removing your armour.
You continue taking off your +0 leather armour. x4
You finish taking off your +0 leather armour.
You start putting on your armour.
You continue putting on your +0 ring mail. x5
You finish putting on your +0 ring mail.
An ogre comes into view. It is wielding a +0 giant club.
Found a stone staircase leading down.
The helpless ogre fails to defend itself.
You impale the ogre!!
The ogre is severely wounded.
The ogre closely misses you.
A ball python comes into view.
A ball python comes into view.
The ball python hisses angrily.
The ball python bites you. The ball python grabs you.
The ball python constricts you.
You hit the ball python.
You kill the ball python!
Trog accepts your kill.
You have reached level 2!
The ogre completely misses you.
You see here a ball python corpse.
Found a runed spear and 2 gluggy blue potions.
Found a blossoming altar of Fedhas.
The ogre barely misses you.
You see here a +1 spear of freezing.
Found a basalt altar of Yredelemnul.
There is a blossoming altar of Fedhas here.
There is a fountain of sparkling water here.
There is a basalt altar of Yredelemnul here.
Are you sure you want to abandon this character and quit the game? (Confirm with "yes".)

######..#
####.......#
###....####..##
.......).# ##..#
#......._.####.##
#.....!........#
#.....⌠.......##
#...O.......#.#
#...@.......#†##
##........###..#
####...### #..#
##### #..# ##.#
##.## ##...#
##..### ##..##


You could see an ogre.

Vanquished Creatures
  A ball python (D:4)
  2 goblins (D:5)
  A kobold (D:5)
  A quokka (D:4)
5 creatures vanquished.

Notes
Turn   | Place    | Note
-------+----------+-------------------------------------------
     0 | D:5      | Colgate the Kobold Delver began the quest for the Orb.
     0 | D:5      | Reached XP level 1. HP: 14/14 MP: 1/1
    73 | D:5      | Found a bloodstained altar of Trog.
   133 | D:5      | Became a worshipper of Trog the Wrathful
   235 | D:5      | Noticed an ogre
   361 | D:5      | Noticed a jelly
   611 | D:4      | Reached skill level 7 in Stealth
   740 | D:4      | Noticed an ogre
   760 | D:4      | Reached XP level 2. HP: 18/19 MP: 0/2
   771 | D:4      | Found a blossoming altar of Fedhas.
   775 | D:4      | Found a basalt altar of Yredelemnul.
   780 | D:4      | Quit the game

Illustrated notes

Levels and vault maps discovered:
D:4:      layout_cave_pods, grunt_temple_overflow_open, mrwooster_statue_mirror,
          uniq_pikel
D:5:      layout_loops_ring, trog_antimagical, okawaru_metal_pillars_1_2,
          minmay_ruined_shrine

Skill      XL: |  1 |
---------------+----+-----
Stealth        | 7 |  7.1
Fighting       | |  3.2
Short Blades   | |  2.6
Dodging        | |  2.4

Action                   || total
-------------------------++-------
Melee: Short sword       ||    18
  Use: Scroll            ||     1
 Stab: Sleeping          ||     1
Armor: Leather armour    ||     1
Dodge: Dodged            ||    16

Table legend: (Time is in decaauts)
 A = Elapsed time spent in this place.
 B = Non-inter-level travel time spent in this place.
 C = Inter-level travel time spent in this place.
 D = Time resting spent in this place.
 E = Time spent auto-exploring this place.
 F = Levels seen in this place.
 G = Mean time per level.
                   A        B        C        D        E       F      G
               +--------+--------+--------+--------+--------+-----+--------+
         Total |    779 |    713 |     66 |    100 |    339 |   2 |  389.5 |
       Dungeon |    779 |    713 |     66 |    100 |    339 |   2 |  389.5 |
               +--------+--------+--------+--------+--------+-----+--------+

Top non-repeatable levels by time:
     D:4: 391 daAuts
     D:5: 387 daAuts
